 Dungeon Crawl Stone Soup version 0.22-a0-348-gd16d139 (webtiles) character file.

240 iamserjio the Sneak (level 6, 0/42 HPs)
             Began as an Octopode Monk on Apr 10, 2018.
             Slain by an orc warrior
             ... wielding a +0 halberd
              (23 damage)
             ... on level 4 of the Dungeon.
             The game lasted 00:10:42 (3934 turns).

iamserjio the Sneak (Octopode Monk)                 Turns: 3934, Time: 00:10:43

Health: 0/42       AC:  1    Str: 11    XL:     6   Next: 8%
Magic:  6/6        EV: 16    Int: 12    God:
Gold:   208        SH:  0    Dex: 16    Spells: 5/5 levels left

rFire    . . .     SeeInvis .   r - +0 rapier
rCold    . . .     Gourm    .   (no shield)
rNeg     . . .     Faith    .   (helmet restricted)
rPois    .         Spirit   .   (no amulet)
rElec    .         Reflect  .   (no ring)
rCorr    .         Harm     .   (no ring)
MR       .....                  (no ring)
Stlth    ++++......             (no ring)
HPRegen  0.14/turn              (no ring)
MPRegen  0.10/turn              (no ring)
                                (no ring)
                                (no ring)

@: no status effects
A: almost no armour, stealthy swim, amphibious, 8 rings, constrict 8, camouflage
1, gelatinous body 1
a: no special abilities


You were on level 4 of the Dungeon.
You were not hungry.

You visited 1 branch of the dungeon, and saw 5 of its levels.

You collected 208 gold pieces.

Inventory:

Hand Weapons
 q - a +1 flail of holy wrath
 r - a +0 rapier (weapon)
Missiles
 a - 26 arrows
 i - 66 stones (quivered)
Jewellery
 l - an uncursed ring of see invisible {unknown}
Scrolls
 e - a scroll of noise {unknown}
 f - 3 scrolls of remove curse {unknown}
 g - 3 scrolls of teleportation {unknown}
 k - 2 scrolls of identify {unknown}
 m - a scroll of amnesia {unknown}
 n - 2 scrolls of fear {unknown}
Potions
 c - a potion of might {unknown}
 d - 3 potions of curing {unknown}
 h - 3 potions of heal wounds {unknown}
 j - a potion of ambrosia {unknown}
 p - a potion of resistance
 s - a potion of agility {unknown}
Comestibles
 b - 4 rations


   Skills:
 - Level 3.0 Fighting
   Level 4.4 Long Blades
 + Level 4.4 Dodging
 - Level 5.6 Stealth


You had 5 spell levels left.
You didn't know any spells.

Dungeon Overview and Level Annotations

Branches:
Dungeon (5/15)
 Temple: D:4-7

Altars:
Makhleb
Uskayaw

Shops:
D:4 [:

Annotations:
D:4 2 transporters


Innate Abilities, Weirdness & Mutations

You cannot wear most types of armour.
You are very stealthy in the water. (Stealth+)
You are amphibious.
You can wear up to eight rings at the same time.
You can use your tentacles to constrict eight enemies at once.
Your skin changes colour to match your surroundings (Stealth+).
Your rubbery body absorbs attacks. (AC +1, EV +1)


Message History

The orc wizard blinks!
The orc warrior barely misses you. The orc warrior misses you.
The orc warrior closely misses you.
You hit the orc warrior but do no damage.
Your grab misses the orc warrior.
The orc warrior is moderately wounded.
The orc warrior barely misses you.
You closely miss the orc warrior. Your grab misses the orc warrior.
The orc warrior is moderately wounded.
You hit the orc warrior but do no damage.
Your grab misses the orc warrior. You squeeze the orc warrior!
The orc warrior is heavily wounded.
The orc warrior hits you with a halberd!!
You puncture the orc warrior! You grab the orc warrior.
The orc warrior is almost dead.
You constrict the orc warrior, but do no damage.
The orc warrior hits you with a halberd!!
Ouch! That really hurt!
You die...

#.#.#.#.# #.#
########...# #
.#.#.#.## #..
......o....######
# #.#.#.#.# ###
#...............#
# .#.#.#♣##
...........###.###
#.......#
.a...............#
.....♣∩♣#
#O#.........#.##.#
........#
#l#...............
......♣.#
#o#........#...#.#
........#
#@#........#...#.#
........####
#.#..........###.#
#..........## #.#
######..###.#
##########..## #.#
######...##.#
#....# #.#
#........##.#
#..©.# #.#
#.......>##.#
###### #.##
#........##.#
§§§§.§§#..#
#........##.#
#§§§.§§§##.#
#........##.#


You could see an orc warrior, an ogre, a worker ant and a leopard gecko.

Vanquished Creatures
  A phantom (D:3)
  A centaur skeleton (D:4)
  An iguana (D:2)
  A worker ant (D:4)
  An adder (D:4)
  A worm (D:2)
  3 dart slugs (D:2)
  3 leopard geckos
  4 orcs (D:4)
  A ball python (D:2)
  2 giant cockroaches (D:1)
  6 goblins
  5 hobgoblins
  2 quokkas
  4 bats
  A frilled lizard (D:2)
  7 kobolds
  7 rats
51 creatures vanquished.

Notes
Turn   | Place    | Note
-------+----------+-------------------------------------------
     0 | D:1      | iamserjio the Octopode Monk began the quest for the Orb.
     0 | D:1      | Reached XP level 1. HP: 16/16 MP: 1/1
    99 | D:1      | Reached skill level 3 in Stealth
    99 | D:1      | Reached XP level 2. HP: 11/21 MP: 2/2
   638 | D:2      | Noticed a hand axe
   640 | D:2      | Noticed a dagger
   648 | D:2      | Found a hide-covered altar of Uskayaw.
   724 | D:2      | Reached XP level 3. HP: 26/26 MP: 3/3
   875 | D:2      | Found a burning altar of Makhleb.
   897 | D:2      | Reached XP level 4. HP: 15/31 MP: 4/4
  1404 | D:3      | Reached skill level 4 in Stealth
  2288 | D:4      | Found Teuwus's Book Shoppe.
  2348 | D:4      | Reached XP level 5. HP: 26/36 MP: 5/5
  2484 | D:5      | Entered Level 5 of the Dungeon
  2490 | D:4      | Noticed an orc warrior
  2559 | D:4      | Found a transporter.
  2828 | D:4      | Found Zuutaxill's Antique Armour Emporium.
  3030 | D:4      | Noticed a phantom
  3359 | D:3      | Killed a phantom
  3359 | D:3      | Reached skill level 5 in Stealth
  3359 | D:3      | Reached XP level 6. HP: 4/42 MP: 6/6
  3893 | D:4      | Found a transporter.
  3895 | D:4      | Noticed a fire bat
  3934 | D:4      | Slain by an orc warrior

Vault maps used:
D:1:      nzn_arrival_water_spiral
D:2:      dancing_weapons_uskayaw, lemuel_tele_altar
D:4:      gammafunk_cloud_chamber, serial_shops, shop, nicolae_shop_trees,
          hangedman_decor_riveting
D:5:      first_ration

Skill      XL: |  1  2  3  4  5 |
---------------+----------------+-----
Stealth        | 3 4 5 |  5.6
Long Blades    | 4 |  4.4
Dodging        | 4 |  4.4
Fighting       | |  3.0

Action                   |  1- 3 |  4- 6 || total
-------------------------+-------+-------++-------
Melee: Falchion          |    40 |    38 ||    78
       Tentacles         |    11 |    17 ||    28
       Constrict         |    14 |    13 ||    27
       Rapier            |       |    29 ||    29
Evoke: Wand              |       |     3 ||     3
 Stab: Sleeping          |     9 |     7 ||    16
  Eat: Chunk             |       |     3 ||     3
       Ration            |       |     2 ||     2
Armor: Skin              |     4 |       ||     4
Dodge: Dodged            |    30 |    33 ||    63
       Rpst.: Falchion   |     8 |     7 ||    15

Table legend:
 A = Spawn XP
 B = Non-spawn XP
 C = Spawn XP percentage of total XP
 D = Spawn monster count
 E = Non-spawn monster count
 F = Spawn count percentage of total count
 G = Total turns spent on level
                    A         B        C        D         E        F      G
               +---------+---------+-------+---------+---------+-------+---------
         Total |       0 |     343 |   0.0 |       0 |      51 |   0.0 |  3934
               +---------+---------+-------+---------+---------+-------+---------
           D:1 |       0 |      25 |   0.0 |       0 |      15 |   0.0 |   636
           D:2 |       0 |      74 |   0.0 |       0 |      18 |   0.0 |   637
           D:3 |       0 |     147 |   0.0 |       0 |      10 |   0.0 |  1543
           D:4 |       0 |      97 |   0.0 |       0 |       8 |   0.0 |  1116
               +---------+---------+-------+---------+---------+-------+---------
